 Dungeon Crawl Stone Soup version 0.17-a0-1767-gccbed74 (webtiles) character file.

394 Rationalist the Covered (level 7, -1/55 HPs)
             Began as a Formicid Fighter on Sept 5, 2015.
             Slain by an adder (2 damage)
             ... in a sewer.
             The game lasted 00:06:38 (3944 turns).

Rationalist the Covered (Formicid Fighter)          Turns: 3944, Time: 00:06:38

Health: -1/55      AC:  7    Str: 20    XL:     7   Next: 9%
Magic:  16/16      EV:  9    Int: 13    God:
Gold:   202        SH: 11    Dex: 12    Spells: 0 memorised, 6 levels left

rFire  + . .     SeeInvis +     a - +0 war axe
rCold  x . .     Clarity  .     b - +0 scale mail
rNeg   . . .     SustAt   .     c - +1 shield
rPois  .         Gourm    .     (helmet unavailable)
rElec  .         Spirit   .     (no cloak)
rCorr  .         Warding  .     (no gloves)
rMut   .         Stasis   +     (no boots)
MR     .....                    (no amulet)
Stlth  ..........               y - ring of fire
                                r - ring of magical power

@: brilliant, lethally poisoned (-1 -> -2), not resistant to hostile
enchantments, extremely unstealthy
A: permanent stasis, dig shafts and tunnels, four strong arms, antennae 3
a: Dig, Shaft Self


You were in a sewer.
You were hungry.

You visited 1 branch of the dungeon, and saw 3 of its levels.
You also visited: Sewer.

You collected 202 gold pieces.

Inventory:

Hand weapons
 a - a +0 war axe (weapon)
 z - a +0 blowgun
Missiles
 g - 17 sling bullets
 s - 24 poisoned needles
Armour
 b - a +0 scale mail (worn)
 c - a +1 shield (worn)
Jewellery
 r - a ring of magical power (left hand)
 x - an uncursed ring of flight
 y - a ring of fire (right hand)
Scrolls
 d - 2 scrolls of fog {unknown}
 i - a scroll of identify
 k - a scroll of amnesia
 o - a scroll of enchant armour
 p - a scroll of remove curse {unknown}
 q - a scroll of fear {unknown}
 t - 2 scrolls of teleportation {unknown}
 v - a scroll of magic mapping
 w - 2 scrolls of recharging {unknown}
 A - a scroll of blinking {unknown}
Potions
 f - a potion of haste
 m - a potion of agility
 B - a potion of magic
Comestibles
 e - 2 bread rations
 j - 2 chunks of flesh
 l - a beef jerky
 u - a meat ration


   Skills:
 + Level 4.4 Fighting
 + Level 3.4 Axes
 + Level 5.0 Armour
 + Level 2.2 Dodging
 + Level 0.3 Stealth
 + Level 5.0 Shields


You had 6 spell levels left.
You didn't know any spells.

Dungeon Overview and Level Annotations

Branches:
Dungeon (3/15)

Altars:


Innate Abilities, Weirdness & Mutations

You are under a permanent stasis effect.
You can dig through walls and to a lower floor.
Your four strong arms can wield two-handed weapons with a shield.
You have a pair of large antennae on your head (SInv).


Message History

You block the adder's attack. x2
Your unstable footing causes you to fumble your attack.
* * * LOW HITPOINT WARNING * * *
You feel sick. The adder bites you but does no damage.
You block the adder's attack.
Unknown command.
Your unstable footing causes you to fumble your attack.
You block the adder's attack. x2
You slash the adder!
You kill the adder!
Your Shields skill increases to level 5!
* * * LOW HITPOINT WARNING * * *
You feel sick.
A ball python, an adder and an ooze come into view.
The ooze quivers. 2 giant frogs come into view.
The giant frog croaks. x2
* * * LOW HITPOINT WARNING * * *
You feel sick. The adder bites you.
You die...

#≈≈≈≈≈≈#
#≈≈≈≈≈
#≈≈≈≈≈≈#
#≈.≈..
#≈≈≈≈≈≈#
#.≈...
#≈≈≈≈≈≈#
#≈.≈≈.
#≈≈≈≈≈≈#
#≈≈≈.≈
#≈≈≈≈≈≈#
#≈≈≈≈≈
#≈≈≈≈≈≈#
#≈≈≈≈≈
#≈†≈≈≈≈#
#≈≈≈≈≈
#≈≈@†≈≈#
#≈≈≈≈≈
#≈≈S≈≈≈#
#≈≈≈≈≈
#≈SFF≈≈#
#≈≈≈≈≈
#≈≈J≈≈≈#
#≈≈≈≈≈
#.≈.≈.≈#
#≈.≈.≈
#......#
#.....
#......#
##....
#......+
#....
##....##
##...


You could see 2 giant frogs, an ooze, an adder and a ball python.

Vanquished Creatures
  The ghost of CainoCity the Ruffian, an average TrBe of Trog (D:3)
  11 adders
  10 river rats (Sewer)
  An ooze (D:2)
  2 worms (D:3)
  4 giant geckos
  6 orcs
  7 bats
  5 goblins
  4 hobgoblins
  4 jackals (D:1)
  8 kobolds
  11 ball pythons (Sewer)
  8 giant cockroaches
  2 giant newts (D:2)
  24 rats
108 creatures vanquished.

Notes
Turn   | Place    | Note
--------------------------------------------------------------
     0 | D:1      | Rationalist the Formicid Fighter began the quest for the Orb.
     0 | D:1      | Reached XP level 1. HP: 18/18 MP: 1/1
    59 | D:1      | Reached XP level 2. HP: 20/24 MP: 2/2
   490 | D:1      | Reached XP level 3. HP: 25/29 MP: 3/3
  1031 | D:2      | Reached skill level 1 in Dodging
  1149 | D:2      | Reached skill level 4 in Armour
  1210 | D:2      | Reached XP level 4. HP: 36/36 MP: 4/4
  1908 | D:3      | Noticed CainoCity's ghost (average TrBe)
  1922 | D:3      | Killed CainoCity's ghost
  1922 | D:3      | Reached XP level 5. HP: 20/42 MP: 5/5
  2048 | D:3      | Reached XP level 6. HP: 38/48 MP: 6/6
  2110 | D:3      | Found a glowing drain.
  2114 | Sewer    | Entered a sewer
  3124 | Sewer    | Reached skill level 5 in Armour
  3717 | Sewer    | Reached XP level 7. HP: 52/55 MP: 7/7
  3937 | Sewer    | HP: 2/55 [poisoned by an adder]
  3941 | Sewer    | Reached skill level 5 in Shields
  3944 | Sewer    | HP: 1/55 [poisoned by an adder]
  3944 | Sewer    | Slain by an adder

Vault maps used:
D:1:      onia_arrival_pentagram, minmay_crystal_room
D:2:      minmay_misc_feat_x
D:3:      gup_sewer_entry_spiral
Sewer:    sewer_minmay_w

Action                   |  1- 3 |  4- 6 |  7- 9 || total
-------------------------+-------+-------+-------++-------
Melee: War axe           |    89 |   238 |    44 ||   371
 Abil: Dig               |       |     1 |       ||     1
  Use: Scroll            |       |     4 |       ||     4
       Potion            |       |     3 |     5 ||     8
  Eat: Chunk             |     1 |     2 |     2 ||     5
       Meat ration       |       |     1 |       ||     1
